 Dungeon Crawl Stone Soup version 0.20-a0-208-g55166f7 (webtiles) character file.

5 deepsabbath the Firebug (level 1, -1/10 HPs)
             Began as a Deep Elf Fire Elementalist on Nov 25, 2016.
             Slain by an adder (2 damage)
             ... on level 2 of the Dungeon.
             The game lasted 00:01:58 (822 turns).

deepsabbath the Firebug (Deep Elf Fire Elementalist) Turns: 822, Time: 00:01:59

Health: -1/10      AC:  5    Str:  9 (10) XL:     1   Next: 66%
Magic:  6/6        EV: 11    Int: 17 (19) God:
Gold:   5          SH:  0    Dex: 13 (15) Spells: 5/6 levels left

rFire  . . .     SeeInvis .     (no weapon)
rCold  . . .     Gourm    .     f - +0 ring mail
rNeg   . . .     Faith    .     (no shield)
rPois  .         Spirit   .     (no helmet)
rElec  .         Reflect  .     (no cloak)
rCorr  .         Harm     .     (no gloves)
MR     .....                    (no boots)
Stlth  +.........               (no amulet)
                                (no ring)
                                (no ring)

@: mighty, lethally poisoned (-1 -> -10)
A: no striking features
a: no special abilities


You were on level 2 of the Dungeon.
You were not hungry.

You visited 1 branch of the dungeon, and saw 2 of its levels.

You collected 5 gold pieces.

Inventory:

Armour
 a - a +0 robe
 f - a +0 ring mail (worn)
   (You found it on level 2 of the Dungeon)
Books
 b - a book of Flames
Comestibles
 c - a bread ration {@e1}


   Skills:
 + Level 3.1 Dodging
 - Level 2.4 Stealth
 - Level 3.0 Spellcasting
 - Level 1.1 Conjurations
 - Level 3.2 Fire Magic


You had 5 spell levels left.
You knew the following spells:

 Your Spells              Type           Power        Failure   Level  Hunger
a - Flame Tongue          Conj/Fire      ##...        24%         1    None


Dungeon Overview and Level Annotations

Branches:
Dungeon (2/15)

Altars:
Cheibriados

Annotations:
D:2 exclusion: Crazy Yiuf, Crazy Yiuf


Message History

You finish taking off your +0 robe.
You start putting on your armour.
You continue putting on your ring mail. x5
You finish putting on your +0 ring mail.
You see here a rat corpse.
A ball python comes into view.
The ball python hisses angrily.
You completely miss the ball python. The ball python closely misses you.
The ball python grabs you. The ball python constricts you.
The ball python barely misses you. The ball python constricts you.
You take 1 damage, and have 9/10 hp.
You closely miss the ball python. The ball python bites you.
The ball python constricts you.
You take 2 damage, and have 7/10 hp.
You hit the ball python but do no damage.
The ball python bites you. The ball python constricts you.
You take 1 damage, and have 6/10 hp.
You hit the ball python.
The ball python bites you but does no damage.
The ball python constricts you.
You take 1 damage, and have 5/10 hp.
You hit the ball python.
You kill the ball python!
Your Dodging skill increases to level 3!
You start resting.
Health restored: 10
g - a fuming inky potion A kobold comes into view.
It is wielding a dagger.
A rat comes into view.
You hit the rat but do no damage. The rat bites you.
You take 2 damage, and have 8/10 hp.
You barely miss the rat. The rat barely misses you.
You closely miss the rat. The rat bites you.
You take 2 damage, and have 6/10 hp.
You hit the rat but do no damage. The rat bites you but does no damage.
You barely miss the rat. The rat barely misses you.
You closely miss the rat. The rat bites you but does no damage.
You hit the rat. The rat closely misses you.
You hit the rat but do no damage. The rat misses you.
You completely miss the rat. The rat bites you but does no damage.
You barely miss the rat. The rat misses you.
You hit the rat.
You kill the rat!
You start resting.
Health restored: 10 You see here a rat skeleton.
h - an orange potion You open the door.
Crazy Yiuf the Enlightened comes into view.
He is wielding a quarterstaff of chaos.
You close the door.
An adder comes into view.
The adder hisses angrily.
A kobold comes into view. It is wielding a whip.
As you read the scroll labeled MUGOEDO ZIARA, it crumbles to dust.
It is a scroll of identify.
d - a potion of curing The adder bites you.
You take 2 damage, and have 8/10 hp.
You barely miss the adder. The adder misses you.
You hit the adder but do no damage. The adder bites you but does no damage.
You closely miss the adder. The adder bites you.
The adder bites you but does no damage.
You take 3 damage, and have 5/10 hp.
MASSIVE DAMAGE!!
You miss the adder. The adder closely misses you.
You hit the adder but do no damage. The adder bites you.
You take 1 damage, and have 4/10 hp.
You hit the adder but do no damage. The adder bites you but does no damage.
The adder closely misses you.
You closely miss the adder. The adder barely misses you.
You miss the adder. The adder bites you.
* * * LOW HITPOINT WARNING * * *
You are lethally poisoned!
The adder poisons you!
You take 2 damage, and have 2/10 hp.
You feel better. The adder closely misses you.
You regained 6 hp, and now have 8/10 hp.
Okay, then.
You hit the adder. The adder bites you.
You are poisoned.
The adder poisons you! The adder barely misses you.
You take 2 damage, and have 6/10 hp.
It was a potion of degeneration.
There was something very wrong with that liquid.
You feel weakened.
You feel dopey.
You feel clumsy.
You feel sick. The adder bites you but does no damage.
You take 1 damage, and have 5/10 hp.
It was a potion of might.
You feel very mighty all of a sudden. The adder bites you.
* * * LOW HITPOINT WARNING * * *
You take 3 damage, and have 2/10 hp.
MASSIVE DAMAGE!!
You punch the adder! The adder barely misses you. x2
You miss the adder.
* * * LOW HITPOINT WARNING * * *
You feel sick. The adder bites you.
You die...

.##.#....###.. ... #...
.##.##.#.###..# ....#..#
..............##.......#
.##.##.#.####.##....#..###
<##.##.#.####....#.......
.##.##.#.#.....#...##..#
###.##.#........##.##..#
......รท....#.....S.....#
###.............@.....##
###########.####.#### #.#
#.# #.# #.#
#############.# #.#
..............####.#
#############......#
########


You could see an adder.

Vanquished Creatures
  A dart slug (D:1)
  A ball python (D:2)
  A frilled lizard (D:1)
  2 rats (D:2)
5 creatures vanquished.

Notes
Turn   | Place    | Note
-------+----------+-------------------------------------------
     0 | D:1      | deepsabbath the Deep Elf Fire Elementalist began the quest for the Orb.
     0 | D:1      | Reached XP level 1. HP: 10/10 MP: 6/6
     7 | D:1      | Found a snail-covered altar of Cheibriados.
   292 | D:2      | Reached skill level 3 in Dodging
   700 | D:2      | Found a runed door.
   704 | D:2      | Noticed Crazy Yiuf
   816 | D:2      | HP: 2/10 [adder (2)]
   822 | D:2      | HP: 1/10 [poisoned by an adder]
   822 | D:2      | Slain by an adder

Vault maps used:
D:1:      sevenhm_arrival_forest_fort_small_6
D:2:      grunt_temple_overflow_open, serial_forest,
          infiniplex_forest_clump_curved, infiniplex_forest_corner_1,
          infiniplex_forest_clump_curved, infiniplex_forest_lined_2,
          infiniplex_forest_clump_small, infiniplex_forest_side_room,
          infiniplex_forest_lined_3_way, uniq_crazy_yiuf_cottage

Skill      XL: |  1 |
---------------+----+-----
Dodging        | 3 |  3.1
Stealth        | |  2.4
Spellcasting   | |  3.0
Conjurations   | |  1.1
Fire Magic     | |  3.2

Action                   || total
-------------------------++-------
Melee: Unarmed           ||    60
  Use: Potion            ||     3
       Scroll            ||     1
Armor: Ring mail         ||     8
       Robe              ||     7
Dodge: Dodged            ||    30

Vault maps used:
D:1:      sevenhm_arrival_forest_fort_small_6
D:2:      grunt_temple_overflow_open, serial_forest,
          infiniplex_forest_clump_curved, infiniplex_forest_corner_1,
          infiniplex_forest_clump_curved, infiniplex_forest_lined_2,
          infiniplex_forest_clump_small, infiniplex_forest_side_room,
          infiniplex_forest_lined_3_way, uniq_crazy_yiuf_cottage

Table legend:
 A = Turns spent in this place as a percentage of turns spent in the entire game.
 B = Non-inter-level travel turns spent in this place as a percentage of non-inter-level travel turns spent in the entire game.
 C = Inter-level travel turns spent in this place as a percentage of turns spent in this place.
 D = Turns resting spent in this place as a percentage of non-inter-level travel turns spent in this place.
 E = Turns spent auto-exploring this place as a percentage of non-inter-level travel turns spent in this place.
 F = Non-inter-level travel turns spent in this place divided by the number of levels of this place that you've seen.
                   A       B       C       D       E      F
               +-------+-------+-------+-------+-------+----------------------
         Total | 100.0 | 100.0 |   0.0 |   3.9 |   0.4 | 127.5
       Dungeon | 100.0 | 100.0 |   0.0 |   3.9 |   0.4 | 127.5
               +-------+-------+-------+-------+-------+----------------------

Table legend:
 A = Kills in this place as a percentage of kills in entire the game.
 B = Kills by you in this place as a percentage of kills by you in the entire game.
 C = Kills by friends in this place as a percentage of kills by friends in the entire game.
 D = Other kills in this place as a percentage of other kills in the entire game.
 E = Experience gained in this place as a percentage of experience gained in the entire game.
 F = Experience gained in this place divided by the number of levels of this place that you have seen.
                   A       B       C       D       E      F
               +-------+-------+-------+-------+-------+----------------------
         Total | 100.0 | 100.0 |  -nan |  -nan | 100.0 |   4.0
       Dungeon | 100.0 | 100.0 |  -nan |  -nan | 100.0 |   4.0
               +-------+-------+-------+-------+-------+----------------------
